 Dungeon Crawl Stone Soup version 0.29.1-1-gd02db6906a (webtiles) character file.

Game seed: 15336218761447618044

1620 MisterFreud the Nimble (level 8, -9/38 HPs)
             Began as a Felid Berserker on Oct 10, 2022.
             Was an Elder of Trog.
             Mangled by a yak (12 damage)
             ... on level 9 of the Dungeon.
             The game lasted 00:10:39 (11660 turns).

MisterFreud the Nimble (Felid Berserker)           Turns: 11660, Time: 00:10:39

Health: -9/38      AC:  2    Str: 13    XL:     8   Next: 64%
Magic:  9/9        EV: 26    Int: 10    God:    Trog [****..]
Gold:   449        SH:  0    Dex: 19    Spells: 7/7 levels left
                                        Lives:  0   Deaths: 3

rFire   . . .      SeeInvis +     - Unarmed
rCold   . . .      Faith    .   (shield unavailable)
rNeg    . . .      Spirit   .   (body armour unavailable)
rPois   .          Reflect  .   (helmet unavailable)
rElec   .          Harm     .   (cloak unavailable)
rCorr   .          Rampage  .   (gloves unavailable)
Will    +....                   (boots unavailable)
Stlth   +++++.....              (no amulet)
HPRegen 0.12/turn               (no ring)
MPRegen 0.11/turn               (no ring)

@: quick
A: very small, claws 1, fangs 3, see invisible, speed 1, shaggy fur 2, stealthy
paws, no weapons or thrown items, no armour, multi-lived
a: Renounce Religion, Berserk, Trog's Hand, Brothers in Arms


You were on level 9 of the Dungeon.
You worshipped Trog.
Trog was greatly pleased with you.
You visited 1 branch of the dungeon, and saw 9 of its levels.

You collected 449 gold pieces.

Inventory:

Wands
 e - a wand of digging (10)
 o - a wand of quicksilver (7)
 p - a wand of paralysis (6)
Scrolls
 c - a scroll of enchant armour
 d - 4 scrolls of teleportation
 g - 3 scrolls of fog
Potions
 a - 3 potions of might
 b - 3 potions of heal wounds
 f - 2 potions of attraction
 h - a potion of berserk rage {unknown}
 i - 3 potions of brilliance
 j - 3 potions of mutation
 k - 7 potions of curing
 l - 2 potions of resistance
 m - 2 potions of flight
 n - 2 potions of lignification {unknown}


   Skills:
 - Level 6.0 Fighting
 - Level 12.0 Dodging
 - Level 10.0 Stealth
 + Level 9.1 Unarmed Combat
 - Level 5.0 Evocations


You had 7 spell levels left.
You didn't know any spells.
Your spell library was empty.

Dungeon Overview and Level Annotations

Branches:
Dungeon (9/15)             Temple (0/1) D:6
   Lair: D:8-11         Orc: D:9-12

Altars:
Elyvilon
Hepliaklqana
Okawaru
Qazlal
Sif Muna
Uskayaw
Yredelemnul

Annotations:
D:4 exclusion: downstairs


Innate Abilities, Weirdness & Mutations

You have sharp claws.
You have razor-sharp teeth.
You have supernaturally acute eyesight. (SInv)
You cover ground quickly. (Speed+)
You are covered in thick fur. (AC +2)
Your paws help you pounce on unaware monsters.
You are incapable of wielding weapons or throwing items.
You cannot wear armour.
You gain extra lives every three experience levels.


Message History

The yak is heavily wounded.
There are monsters nearby!
You claw the yak!
The yak is severely wounded.
The yak closely misses you. x2; The yak gores you!
There are monsters nearby!
You claw the yak!
You kill the yak!
Trog accepts your kill. The yak gores you! The yak completely misses you.
Your Unarmed Combat skill increases to level 9!
You are too injured to fight recklessly!
There are monsters nearby!
You are too injured to fight recklessly!
There are monsters nearby!
You are too injured to fight recklessly!
There are monsters nearby!
You barely miss the yak. You bite the yak.
The yak is lightly wounded.
The yak misses you. x2
You scratch the yak but do no damage. You claw the yak, but do no damage.
The yak is lightly wounded.
The yak completely misses you. x2
You barely miss the yak. You bite the yak.
The yak is lightly wounded.
The yak misses you. The yak completely misses you.
You claw the yak! You bite the yak.
The yak is heavily wounded.
You claw the yak! You bite the yak.
The yak is almost dead.
The yak completely misses you. The yak gores you!
* * * LOW HITPOINT WARNING * * *
You barely miss the yak. You bite the yak.
The yak is almost dead.
The yak barely misses you. The yak completely misses you.
You scratch the yak.
You kill the yak!
Trog accepts your kill.
You can now call in reinforcements.
The yak gores you!
You die...

#.............#..##..##........
#......########..##$.#.....####
........# ...........#.)...#
.........# ...........#.....#
.........+ ..........#.....#
.........# #...$..#....##.##
########......'....# ...
#.............#....# ..
......†@......#....#. #
......†Y......#....#.. #
#.....##......#....#..## #.....
#......+....#.... .....
.......#....#.... .....
.......>#....#.... ....
........# ##### #... ##......#
...... ......


You could see a yak.

Vanquished Creatures
  2 two-headed ogres (D:8)
  Sigmund (D:3)
  11 yaks
  An acid dragon (D:9)
  A water moccasin (D:6)
  An ice beast (D:8)
  2 sky beasts (D:8)
  3 black bears
  2 ogres
  A centaur (D:9)
  2 phantoms (D:7)
  A kobold brigand (D:7)
  4 bullfrogs
  3 wights (D:7)
  4 killer bees (D:7)
  An electric eel (D:8)
  3 howler monkeys (D:8)
  2 jellies
  3 orc priests
  A hound (D:2)
  5 iguanas
  11 orc wizards
  10 adders
  7 gnolls
  A shadow imp (D:5)
  A white imp (D:7)
  2 ufetubi (D:6)
  2 worms (D:3)
  4 dart slugs
  30 orcs
  3 ball pythons
  3 bats
  6 endoplasms
  3 giant cockroaches
  10 goblins
  4 hobgoblins
  3 jackals (D:2)
  A quokka (D:5)
  A frilled lizard (D:3)
  13 kobolds
  5 rats
174 creatures vanquished.

Vanquished Creatures (others)
  5 fungi (D:9)
  6 plants (D:9)
11 creatures vanquished.

Grand Total: 185 creatures vanquished

Notes
Turn   | Place    | Note
-------+----------+-------------------------------------------
     0 | D:1      | MisterFreud the Felid Berserker began the quest for the
                  | Orb.
     0 | D:1      | Reached XP level 1. HP: 10/10 MP: 2/2
   103 | D:1      | Reached skill level 1 in Stealth
   370 | D:1      | Reached XP level 2. HP: 14/14 MP: 3/3
   727 | D:2      | Reached XP level 3. HP: 17/17 MP: 4/4
  1003 | D:2      | Reached XP level 4. HP: 21/21 MP: 5/5
  1127 | D:2      | Found a faded altar of an unknown god.
  1848 | D:3      | Reached XP level 5. HP: 24/24 MP: 6/6
  2178 | D:3      | Reached ** piety under Trog
  2214 | D:3      | Noticed Sigmund
  2222 | D:3      | Killed Sigmund
  2223 | D:3      | Reached skill level 5 in Unarmed Combat
  2223 | D:3      | Gained mutation: You are covered in thick fur. (AC +2)
                  | [Felid growth]
  2223 | D:3      | Reached XP level 6. HP: 26/28 MP: 7/7
  3017 | D:4      | Reached skill level 1 in Evocations
  3420 | D:4      | Reached skill level 5 in Dodging
  3425 | D:4      | Reached XP level 7. HP: 31/31 MP: 8/8
  3573 | D:4      | Found an iron altar of Okawaru.
  3691 | D:4      | Found a shimmering blue altar of Sif Muna.
  4127 | D:4      | You fall into a shaft and drop 3 floors!
  4174 | D:6      | Reached skill level 6 in Dodging
  4546 | D:6      | Reached skill level 7 in Dodging
  4572 | D:6      | Found a staircase to the Ecumenical Temple.
  4822 | D:6      | Reached XP level 8. HP: 25/34 MP: 9/9
  4950 | D:6      | Reached skill level 8 in Dodging
  5116 | D:5      | Entered Level 5 of the Dungeon
  5513 | D:5      | Reached *** piety under Trog
  5919 | D:5      | Found a white marble altar of Elyvilon.
  6138 | D:5      | Reached skill level 9 in Dodging
  7407 | D:7      | HP: 1/34 [killer bee (4)]
  7712 | D:7      | Identified the +8 spear of Watchfulness {pain, rElec rF-
                  | Int+6 SInv}
  7766 | D:7      | Found a hazy altar of Hepliaklqana.
  7814 | D:7      | Reached skill level 5 in Evocations
  7829 | D:7      | Slain by a killer bee
  7830 | D:7      | Reached XP level 7. HP: 0/31 MP: 8/8
  7841 | D:7      | Reached skill level 10 in Dodging
  8180 | D:7      | Found a stormy altar of Qazlal.
  8180 | D:7      | Found a basalt altar of Yredelemnul.
  8240 | D:7      | Reached XP level 8. HP: 22/36 MP: 9/9
  8616 | D:7      | Reached skill level 5 in Fighting
  9521 | D:8      | Noticed a two-headed ogre
  9530 | D:8      | Killed a two-headed ogre
  9531 | D:8      | Reached XP level 9. HP: 41/41 MP: 10/10
  9730 | D:8      | Noticed a two-headed ogre
  9739 | D:8      | Killed a two-headed ogre
  9740 | D:8      | Reached skill level 11 in Dodging
 11252 | D:9      | Reached XP level 10. HP: 29/45 MP: 11/11
 11451 | D:9      | Slain by an acid dragon
 11452 | D:9      | Reached XP level 9. HP: -1/61 MP: 10/10
 11487 | D:9      | Noticed a +0 hand axe
 11488 | D:9      | Noticed a +0 hand axe
 11489 | D:9      | Found a hide-covered altar of Uskayaw.
 11509 | D:9      | Reached skill level 12 in Dodging
 11593 | D:9      | Reached skill level 10 in Stealth
 11617 | D:9      | HP: 2/41 [gnoll sergeant/+0 trident (4)]
 11618 | D:9      | Slain by a gnoll
 11619 | D:9      | Reached XP level 8. HP: -4/38 MP: 9/9
 11660 | D:9      | Reached **** piety under Trog
 11660 | D:9      | Mangled by a yak

Illustrated notes

Levels and vault maps discovered:
D:1:      lightli_arrival_quake, layout_basic
D:2:      minmay_skewed_foursquare, layout_loops_ring,
          chequers_ecumenical_altar_simple, st_stairs_14,
          kennysheep_cross_bottleneck, kennysheep_decorative_pillar
D:3:      layout_basic, uniq_sigmund
D:4:      minmay_inner_zag, layout_gridville, tgw_sif,
          mainiacjoe_overflow_boulevard
D:5:      layout_loops_ring, amcnicky_altar_gilded, nicolae_hexahallways,
          minmay_misc_feat_tiny
D:6:      layout_basic, minmay_temple_entry_statues_fountains
D:7:      layout_cave_pods, mainiacjoe_overflow_six_doors_small,
          amethyst_overflow_temple_binary
D:8:      layout_basic, enter_bailey_4, chequers_avenue,
          kennysheep_generic_room_16
D:9:      layout_gridville, dancing_weapons_uskayaw, dpeg_oklobed_lair

Skill      XL: |  1  2  3  4  5  6  7  8  9 |
---------------+----------------------------+-----
Stealth        | 1 2 3 4 6 7 10 | 10.0
Unarmed Combat | 4 5 6 9 8 |  9.1
Evocations     | 1 3 5 |  5.0
Dodging        | 5 10 9 12 | 12.0
Fighting       | 4 6 |  6.0

Action                   |  1- 3 |  4- 6 |  7- 9 | 10-12 || total
-------------------------+-------+-------+-------+-------++-------
Melee: Unarmed           |    32 |   124 |   454 |    12 ||   622
       Bite              |     2 |     8 |    77 |     1 ||    88
       Punch             |       |     4 |    20 |       ||    24
Invok: Berserk           |     1 |     5 |    11 |     1 ||    18
       Trog's Hand       |       |       |     3 |       ||     3
  Use: Scroll            |       |    12 |     7 |       ||    19
       Potion            |       |     1 |     1 |       ||     2
 Stab: Sleeping          |     5 |     5 |     8 |       ||    18
       Distracted        |       |       |     2 |       ||     2
Armor: Skin              |     1 |     6 |    15 |       ||    22
Dodge: Dodged            |    22 |    71 |   488 |    17 ||   598
